 Dungeon Crawl Stone Soup version 0.23-a0-435-g79ed067 (console) character file.

17 bli the Skirmisher (level 2, -1/24 HPs)
             Began as a Demonspawn Monk on Nov 15, 2018.
             Slain by a kobold
             ... wielding a +0 short sword
              (6 damage)
             ... on level 1 of the Dungeon.
             The game lasted 00:01:34 (464 turns).

bli the Skirmisher (Demonspawn Monk)                 Turns: 464, Time: 00:01:35

Health: -1/24      AC:  2    Str: 11    XL:     2   Next: 44%
Magic:  2/2        EV: 13    Int: 11    God:
Gold:   18         SH:  0    Dex: 15    Spells: 1/1 levels left

rFire    . . .     SeeInvis .   b - +0 falchion
rCold    . . .     Gourm    .   (no shield)
rNeg     . . .     Faith    .   d - +0 robe
rPois    .         Spirit   .   (no helmet)
rElec    .         Reflect  .   (no cloak)
rCorr    .         Harm     .   (no gloves)
MR       .....                  (no boots)
Stlth    ++........             (no amulet)
HPRegen  0.08/turn              (no ring)
MPRegen  0.08/turn              (no ring)

@: no status effects
A: demonic guardian 1
a: no special abilities


You were on level 1 of the Dungeon.
You were not hungry.

You visited 1 branch of the dungeon, and saw 1 of its levels.

You collected 18 gold pieces.

Inventory:

Hand Weapons
 a - a +2 dagger of venom
 b - a +0 falchion (weapon)
Armour
 d - a +0 robe (worn)
Scrolls
 e - a scroll of teleportation {unknown}
Potions
 f - a potion of lignification {unknown}
 g - a potion of degeneration {unknown}
 i - a potion of cancellation {unknown}
Comestibles
 c - a ration
 h - 7 chunks of flesh


   Skills:
 + Level 3.2 Fighting
 * Level 0.4(1.9) Short Blades
 + Level 3.0(3.1) Long Blades
 + Level 2.9 Dodging
 - Level 1.7 Stealth


You had one spell level left.
You didn't know any spells.
Your spell library was empty.

Dungeon Overview and Level Annotations

Branches:
Dungeon (1/15)

Altars:


Innate Abilities, Weirdness & Mutations

A weak demonic guardian rushes to your aid.


Message History

You closely miss the hobgoblin. The frilled lizard closely misses you.
The The kobold closely misses you. The hobgoblin barely misses you.
You riposte.
You hit the giant cockroach.
You kill the giant cockroach!
The frilled lizard closely misses you. The kobold barely misses you.
You The kobold is moderately wounded.
The hobgoblin hits you but does no damage.
You hit the hobgoblin.
The hobgoblin is moderately wounded.
The frilled lizard barely misses you.
The kobold hits you with a +0 short sword.
The hobgoblin closely misses you.
You riposte.
You hit the hobgoblin but do no The hobgoblin is moderately wounded.
The frilled lizard bites you.
You closely miss the frilled lizard. The kobold misses you.
The hobgoblin hits
* * * LOW HITPOINT WARNING * * *
The frilled lizard bites you but does no damage.
You closely miss the frilled lizard.
The kobold hits you with a +0 short sword.
You die...

....##.##..............
.......##..............
...#..##..............
#....###.............
##..................#
##)...................
#...........#####
#..........##
#..........#
#....g.....##
#.!.)@.......
##...Kl...#...
#..........##.
#..[.......#
#(.......$.#
#..........#
#..........#
##........##


You could see a hobgoblin, a kobold and a frilled lizard.

Vanquished Creatures
  A leopard gecko (D:1)
  2 giant cockroaches (D:1)
  5 goblins (D:1)
  2 hobgoblins (D:1)
  A kobold (D:1)
  A bat (D:1)
  A frilled lizard (D:1)
13 creatures vanquished.

Notes
Turn   | Place    | Note
-------+----------+-------------------------------------------
     0 | D:1      | bli the Demonspawn Monk began the quest for the Orb.
     0 | D:1      | Reached XP level 1. HP: 18/18 MP: 1/1
   342 | D:1      | Gained mutation: A weak demonic guardian rushes to your
                  | aid. [demonic ancestry]
   342 | D:1      | Reached XP level 2. HP: 19/24 MP: 2/2
   464 | D:1      | Slain by a kobold

Vault maps used:
D:1:      dpeg_arrival_court

Skill      XL: |  1  2 |
---------------+-------+-----
Long Blades    | 3 |  3.0
Fighting       | |  3.2
Short Blades   | |  0.4
Dodging        | |  2.9
Stealth        | |  1.7

Action                   || total
-------------------------++-------
Melee: Falchion          ||    30
Armor: Robe              ||     7
Dodge: Dodged            ||    38
       Rpst.: Falchion   ||    14

Table legend:
 A = Non-vault XP
 B = Vault XP
 C = Vault XP percentage of total XP
 D = Non-vault monster count
 E = Vault monster count
 F = Vault count percentage of total count
                 A         B        C        D         E       F
            +---------+---------+-------+---------+---------+-------
      Total |      25 |       0 |   0.0 |      13 |       0 |   0.0
            +---------+---------+-------+---------+---------+-------
        D:1 |      25 |       0 |   0.0 |      13 |       0 |   0.0
            +---------+---------+-------+---------+---------+-------
